AoeStats
← PiscoCAPEL777

Lombardia

509199108Analyzed
3v3 RM · 6d ago on Sep 25, 2026· 19m 22s· 6 players
Game mode
Random Map
Map size
Normal (6 player)
Population
200
Speed
Normal
Resources
Standard
Victory
Conquest
Starting age
Dark Age
Ending age
Imperial Age
RankedLock teamsTeams togetherTeam positionsShared explorationLock speedFull tech treeHidden civsTurbo modeCheats
Victory
Defeat
🇨🇱 Italians · Chile
921
+12
🇨🇱 Burgundians · Chile
914
+12
🇨🇱 Vietnamese · Chile
790
+17
🇨🇱 Romans · Chile
850
-42
🇨🇱 Mapuche · Chile
818
-36
🇨🇱 Huns · Chile
818
-36
Papa_Johnny
8:22 Loom
10:45 Feudal Age
15:50 Champi Runner
MSKB09
10:44 Feudal Age
12:02 Wheelbarrow
11:45 Double-Bit Axe
13:56 Loom
15:51 Horse Collar
aclementcl
4:14 Loom
12:49 Feudal Age
16:11 Scale Mail Armor
16:22 Forging
16:18 Horse Collar
18:06 Wheelbarrow
Milaneso420
12:35 Feudal Age
14:15 Wheelbarrow
13:24 Horse Collar
13:33 Double-Bit Axe
13:55 Town Watch
PiscoCAPEL777
10:00 Feudal Age
15:26 Horse Collar
17:20 Fletching
20:20 Castle Age
nicovc00
7:37 Loom
10:28 Feudal Age
8:46 Loom
12:46 Double-Bit Axe
Connection lost

Rejoining the realm…

Still unreachable

The connection could not be restored.

Session expired

The server has moved on; the page needs a fresh start.